 Dungeon Crawl Stone Soup version 0.19.3-1-g3169bf9 (webtiles) character file.

118 ChocoTaco the Cudgeler (level 5, 0/54 HPs)
             Began as an Ogre Berserker on Jan 26, 2017.
             Was a Believer of Trog.
             Slain by an orc wizard
             ... wielding a +0 dagger
              (2 damage)
             ... on level 3 of the Dungeon.
             The game lasted 00:02:36 (3307 turns).

ChocoTaco the Cudgeler (Ogre Berserker)             Turns: 3307, Time: 00:02:37

Health: 0/54       AC:  4    Str: 23    XL:     5   Next: 2%
Magic:  5/5        EV: 10    Int:  6    God:    Trog [**....]
Gold:   139        SH:  0    Dex:  9    Spells: 0 memorised, 4 levels left

rFire  . . .     SeeInvis .     o - +0 flail
rCold  . . .     Gourm    .     b - +0 animal skin
rNeg   . . .     Faith    .     (no shield)
rPois  .         Spirit   .     (helmet restricted)
rElec  .         Reflect  .     (no cloak)
rCorr  .         Harm     .     (gloves unavailable)
MR     .....                    (boots unavailable)
Stlth  +.........               (no amulet)
                                (no ring)
                                f - +1 ring of protection

@: exhausted, starving, slowed, very slow
A: unfitting armour, tough skin 1
a: Berserk, Trog's Hand, Burn Spellbooks, Renounce Religion


You were on level 3 of the Dungeon.
You worshipped Trog.
Trog was pleased with you.
You were starving.

You visited 1 branch of the dungeon, and saw 3 of its levels.

You collected 139 gold pieces.

Inventory:

Hand Weapons
 o - a +0 flail (weapon)
Armour
 b - a +0 animal skin (worn)
Jewellery
 f - a +1 ring of protection (left hand)
Scrolls
 a - a scroll of fog {unknown}
 d - 2 scrolls of identify {unknown}
 j - a scroll of random uselessness {unknown}
 l - a scroll of recharging {unknown}
 n - a scroll of remove curse {unknown}
Potions
 e - a potion of flight {unknown}
 h - a potion of degeneration {unknown}
 k - a potion of agility {unknown}
 m - a potion of cure mutation {unknown}
Comestibles
 c - 3 bread rations
 g - a beef jerky
 i - a meat ration
 p - 4 fruits


   Skills:
 + Level 4.0 Fighting
 + Level 7.2 Maces & Flails
 - Level 2.6 Dodging


You had 4 spell levels left.
You didn't know any spells.

Dungeon Overview and Level Annotations

Branches:
Dungeon (3/15)

Altars:
Hepliaklqana
Okawaru
Vehumet
Yredelemnul
The Shining One


Innate Abilities, Weirdness & Mutations

You are too large for most types of armour.
You have tough skin. (AC +1)


Message History

You miss something. Something hits you.
You hear some strange, mumbled words.
A puff of frost appears from out of thin air!
The puff of frost hits you!
* * * LOW HITPOINT WARNING * * *
You closely miss something. Something hits you.
* * * LOW HITPOINT WARNING * * *
You barely miss something.
You hear some strange, mumbled words.
A magic dart appears from out of thin air!
The magic dart hits you!
* * * LOW HITPOINT WARNING * * *
You closely miss something.
You are no longer berserk.
You are exhausted.
You feel yourself slow down. Something hits you but does no damage.
You miss something. Something hits you.
* * * LOW HITPOINT WARNING * * *
You miss something. Something hits you.
You die...

...##############
..Sooo{@)....).>#
...##o#######.###
# #######.#
#....)..#
#.####)## #.# #<#
#.# ...


You could see an adder and 4 orcs.

Vanquished Creatures
  3 gnolls (D:2)
  An adder (D:2)
  2 worms (D:2)
  2 leopard geckos
  5 orcs (D:3)
  3 giant cockroaches
  2 gnoll zombies (D:2)
  9 goblins
  8 hobgoblins
  2 jackals (D:1)
  6 kobolds
  A quokka (D:2)
  11 bats
  9 frilled lizards
  3 rats
67 creatures vanquished.

Notes
Turn   | Place    | Note
-------+----------+-------------------------------------------
     0 | D:1      | ChocoTaco the Ogre Berserker began the quest for the Orb.
     0 | D:1      | Reached XP level 1. HP: 24/24 MP: 1/1
   414 | D:1      | Reached XP level 2. HP: 32/32 MP: 2/2
   489 | D:1      | Reached skill level 5 in Maces & Flails
  1111 | D:1      | Reached ** piety under Trog
  1111 | D:1      | Reached XP level 3. HP: 39/39 MP: 3/3
  1495 | D:2      | Reached skill level 6 in Maces & Flails
  1702 | D:2      | Reached XP level 4. HP: 43/48 MP: 4/4
  2182 | D:2      | Found an iron altar of Okawaru.
  2182 | D:2      | Found a glowing golden altar of the Shining One.
  2183 | D:2      | Found a radiant altar of Vehumet.
  2203 | D:2      | Found a hazy altar of Hepliaklqana.
  2456 | D:2      | Found a basalt altar of Yredelemnul.
  2804 | D:2      | Reached skill level 7 in Maces & Flails
  3287 | D:3      | Reached XP level 5. HP: 54/54 MP: 5/5
  3306 | D:3      | HP: 1/54 [something (3)]
  3307 | D:3      | Slain by an orc wizard

Skill      XL: |  1  2  3  4 |
---------------+-------------+-----
Maces & Flails | 5 6 7 |  7.2
Fighting       | |  4.0
Dodging        | |  2.6

Action                   |  1- 3 |  4- 6 || total
-------------------------+-------+-------++-------
Melee: Mace              |   109 |    69 ||   178
       Flail             |       |    43 ||    43
Invok: Berserk           |     3 |     1 ||     4
 Stab: Sleeping          |     1 |       ||     1
  Eat: Chunk             |     3 |     6 ||     9
Armor: Animal skin       |    55 |    18 ||    73
Dodge: Dodged            |    73 |    41 ||   114
